 Dungeon Crawl Stone Soup version 0.31.0-32-g396128a36d (webtiles) character file.

Game seed: 11427931296995150804

3105 spaghetti the Frost Mage (level 9, -1/53 (62) HPs)
             Began as a White Draconian Ice Elementalist on Mar 14, 2024.
             Was an Initiate of Gozag.
             Slain by a wight
             ... wielding a +4 mace
              (5 damage)
             ... on level 9 of the Dungeon.
             The game lasted 00:10:24 (5664 turns).

spaghetti the Frost Mage (DrIE)                     Turns: 5664, Time: 00:10:24

HP:   -1/53 (62)    AC: 14    Str: 10    XL:     9   Next: 60%
MP:   3/19          EV: 12    Int: 20    God:    Gozag
Gold: 515           SH:  0    Dex: 12    Spells: 12/22 levels left

rFire   x . .        q - staff of conjuration
rCold   + + .        r - orb of the Plum {light, Regen+}
rNeg    . . .        (body armour unavailable)
rPois   .            (helmet restricted)
rElec   +            (no cloak)
rCorr   .            (no gloves)
SInv    .            g - +2 pair of boots
Will    .....        d - amulet of the Air {Inacc Air Fly rElec RMsl}
Stlth   +            b - ring of ice
HPRegen 1.08/turn    m - +4 ring of protection
MPRegen 0.16/turn

%: inaccuracy (-5), repel missiles
@: about to teleport, short of breath, flying, hasted, glowing, heavily drained,
very quick
A: breathe frost, AC +7, unfitting armour, cold resistance 1, cold-blooded,
camouflage 1
a: Breathe Frost, Renounce Religion, Potion Petition, Call Merchant, Bribe
Branch


You were on level 9 of the Dungeon.
You worshipped Gozag.
Gozag was pleased with you.
You visited 2 branches of the dungeon, and saw 8 of its levels.

You collected 596 gold pieces.
You paid 81 gold pieces to Gozag.

Inventory:

Missiles
 k - a throwing net
Armour
 g - a +2 pair of boots (worn)
 r - the orb of the Plum (worn) {light, Regen+}
   (You found it on level 4 of the Dungeon)

   Regen+:    It increases your rate of health regeneration.
Magical Staves
 q - a staff of conjuration (weapon)
Jewellery
 b - a ring of ice (left hand)
 d - the amulet of the Air (around neck) {Inacc Air Fly rElec RMsl}
   (You found it on level 2 of the Dungeon)

   [amulet of nothing]

   Inacc:     It reduces the accuracy of your attacks and spells.
   Air:       It enhances your air magic.
   rElec:     It insulates you from electricity.
   Fly:       It grants you flight.
   RMsl:      It protects you from missiles.
 h - a ring of magical power
 l - a ring of see invisible
 m - a +4 ring of protection (right hand)
 v - a ring of protection from cold
 x - a ring of protection from cold
Wands
 j - a wand of polymorph (6)
 u - a wand of roots (6)
 y - a wand of flame (5)
Scrolls
 e - a scroll of teleportation
 f - a scroll of identify
 n - 3 scrolls of immolation
 s - a scroll of enchant weapon
 w - 2 scrolls of fog
Potions
 a - a potion of magic
 c - 3 potions of degeneration
Miscellaneous
 o - a phial of floods (inert)


   Skills:
 - Level 1.7 Dodging
 - Level 1.7 Stealth
 - Level 7.1 Spellcasting
 + Level 14.0 Ice Magic


You had 12 spell levels left.
You knew the following spells:

 Your Spells              Type           Power      Damage    Failure   Level
a - Freeze                Ice            100%       1d10      1%          1
b - Summon Ice Beast      Ice/Summ       52%        N/A       1%          3
c - Frozen Ramparts       Ice            100%       1d16      1%          3
d - Ozocubu's Armour      Ice            76%        N/A       1%          3

Your spell library contained the following spells:

 Spells                   Type           Power      Damage    Failure   Level


Dungeon Overview and Level Annotations

Branches:
Dungeon (6/15)             Temple (1/1) D:4

Altars:
Dithmenos
Fedhas
Gozag
Kikubaaqudgha
Qazlal
Ru
Trog
Uskayaw
Vehumet
Xom
Zin
The Shining One


Innate Abilities, Weirdness & Mutations

You can breathe waves of freezing cold which knock back foes.
Your icy white scales are hard. (AC +7)
You cannot fit into any form of body armour.
Your flesh is cold resistant. (rC+)
You are cold-blooded and may be slowed by cold attacks.
Your skin changes colour to match your surroundings (Stealth+).


Message History

The wight closely misses you.
The wight resists.
The wall freezes the wight.
The wight misses you.
You barely miss the wight.
The wight is almost destroyed.
The wight hits you but does no damage.
A water moccasin comes into view.
The wight resists.
The wall freezes the wight.
The wight hits you from afar with a +2 halberd.
The wight barely misses you.
You barely miss the wight.
The wight is almost destroyed.
The wall freezes the wight but does no damage.
The wight barely misses you. The wight closely misses you.
Casting: Frozen Ramparts (safe; 1% risk of failure)
Confirm with . or Enter, or press ? or * to list all spells.
You don't have enough magic to cast this spell.
Aiming: Breathe Frost (4% risk of failure)
Press: ? - help, Shift-Dir - straight line, f/p - wight
Aim: a wight, wielding a +4 mace and wearing a +0 robe (almost destroyed, haloed, 68% to hit)
You exhale a wave of freezing cold.
The freezing breath misses the wight.
The frozen ramparts melt away.
The wight hits you from afar with a +2 halberd.
You feel drained. The wight hits you with a +4 mace.
Unknown command.
You barely miss the wight.
Your tail-slap misses the wight.
The wight is almost destroyed.
The wight hits you but does no damage. The wight hits you with a +4 mace!
* * * LOW HITPOINT WARNING * * *
The wight hits you from afar with a +2 halberd!
* * * LOW HITPOINT WARNING * * *
Unknown command.
As you read the scroll of teleportation, it crumbles to dust.
You feel strangely unstable. The wight barely misses you. x2
You feel yourself speed up. The water moccasin barely misses you.
The wight hits you but does no damage. The water moccasin misses you.
A hornet comes into view.
The wight barely misses you. The wight hits you with a +4 mace.
You die...
Your body crumbles into a pile of gold.

#..... ..# #...##.#
#####......#### #
............... [#
........##.##.. ..#
.#####.....# ...#
.#?$)#..#### ....#
.#!((#..#####..y..#
.#$)/#..z$$@$...#
.#####...Sz$.####
.................
..........#...###
...###.(#.#...# ##.
............ #
....#####..##. ....
...


You could see a hornet (wandering), a water moccasin and 2 wights.

Vanquished Creatures
  Pikel (D:4)
  The ghost of Tripartite the Insei, a novice MfBe of Trog (D:5)
  Sigmund (D:2)
  A water moccasin (D:6)
  A black bear (D:6)
  A sky beast (D:6)
  3 centaurs
  A lemure (D:4)
  A scorpion (D:4)
  3 wights (D:6)
  The ghost of Charlie33ad the Chopper, a weakling MiBe of Trog (D:3)
  A howler monkey (D:5)
  A bombardier beetle (D:5)
  A hound (D:5)
  An iguana (D:4)
  Natasha (twice) (D:2)
  2 orc wizards
  A howler monkey zombie (D:5)
  3 gnolls (D:3)
  4 adders
  A ribbon worm (D:2)
  2 dart slugs (D:1)
  10 orcs
  6 ball pythons
  7 endoplasms
  2 giant cockroaches
  8 goblins
  9 hobgoblins
  9 jackals
  5 quokkas
  4 bats
  6 frilled lizards
  2 kobolds (D:4)
  5 rats
107 creatures vanquished.

Vanquished Creatures (collateral kills)
  Menkaure (D:4)
  An orc warrior (D:9)
  A sky beast (D:6)
  2 scorpions
  A wight (D:9)
  A water moccasin skeleton (D:5)
  A howler monkey (D:6)
  A bombardier beetle (D:5)
  A jelly (D:3)
  A centaur skeleton (D:5)
  2 orc priests
  2 hounds
  A sleepcap (D:6)
  An iguana (D:5)
  4 orc wizards (D:5)
  6 adders
  A gnoll (D:3)
  A howler monkey skeleton (D:5)
  2 ufetubi (D:6)
  A dart slug (D:4)
  13 orcs
  An endoplasm (D:4)
  A goblin (D:3)
  3 jackals
  A ball python (D:3)
  A frilled lizard (D:3)
52 creatures vanquished.

Grand Total: 159 creatures vanquished

Notes
Turn   | Place    | Note
-------+----------+-------------------------------------------
     0 | D:1      | spaghetti the Draconian Ice Elementalist began the quest
                  | for the Orb.
     0 | D:1      | Reached XP level 1. HP: 14/14 MP: 3/3
   189 | D:1      | Reached XP level 2. HP: 11/20 MP: 1/5
   903 | D:2      | Reached XP level 3. HP: 22/26 MP: 0/7
  1217 | D:2      | Reached XP level 4. HP: 33/33 MP: 10/10
  1237 | D:2      | Found a shadowy altar of Dithmenos.
  1247 | D:2      | Found the amulet of the Air {Inacc Air Fly rElec RMsl}
  1261 | D:2      | Noticed Natasha
  1276 | D:2      | Killed Natasha
  1441 | D:2      | Noticed Natasha
  1452 | D:2      | Killed Natasha
  1514 | D:2      | Noticed Sigmund
  1525 | D:2      | Killed Sigmund
  1526 | D:2      | Reached skill level 5 in Spellcasting
  1526 | D:2      | Reached XP level 5. HP: 37/38 MP: 13/13
  1526 | D:2      | Reached XP level 6. HP: 44/45 MP: 14/14
  1611 | D:2      | Learned a level 3 spell: Summon Ice Beast
  1615 | D:2      | Learned a level 3 spell: Frozen Ramparts
  1857 | D:3      | Gained mutation: Your skin changes colour to match your
                  | surroundings (Stealth+). [potion of mutation]
  2467 | D:3      | Found a runed translucent door.
  2469 | D:3      | Noticed Charlie33ad's ghost (weakling MiBe)
  2597 | D:3      | Learned a level 3 spell: Ozocubu's Armour
  2602 | D:3      | Killed Charlie33ad's ghost
  2603 | D:3      | Your scales start taking on an icy white colour.
  2603 | D:3      | Reached XP level 7. HP: 50/50 MP: 6/17
  2603 | D:3      | Gained mutation: Your flesh is cold resistant. (rC+) [White
                  | Draconian growth]
  2801 | D:4      | Reached skill level 5 in Ice Magic
  2842 | D:4      | Found a staircase to the Ecumenical Temple.
  2848 | D:4      | Identified the orb of the Plum {light, Regen+}
  2994 | D:4      | Noticed Pikel
  3001 | D:4      | Killed Pikel
  3002 | D:4      | Reached skill level 8 in Ice Magic
  3002 | D:4      | Reached XP level 8. HP: 53/57 MP: 7/18
  3186 | D:4      | Noticed Menkaure
  3200 | D:4      | Killed Menkaure
  3201 | D:4      | Reached skill level 9 in Ice Magic
  3913 | Temple   | Entered the Ecumenical Temple
  3949 | Temple   | Became a worshipper of Gozag Ym Sagoz the Greedy
  3971 | D:5      | Entered Level 5 of the Dungeon
  4013 | D:5      | Reached skill level 10 in Ice Magic
  4449 | D:5      | Found a runed translucent gate.
  4449 | D:5      | Found a runed translucent gate.
  4450 | D:5      | Found a runed translucent gate.
  4477 | D:5      | Noticed Tripartite's ghost (novice MfBe)
  4512 | D:5      | Killed Tripartite's ghost
  4513 | D:5      | Reached skill level 11 in Ice Magic
  4716 | D:5      | Reached XP level 9. HP: 61/62 MP: 19/19
  4862 | D:5      | Reached skill level 12 in Ice Magic
  5296 | D:6      | Reached skill level 13 in Ice Magic
  5617 | D:6      | You are sucked into a shaft and drop 3 floors!
  5647 | D:9      | Reached skill level 14 in Ice Magic
  5661 | D:9      | HP: 1/53 [wight/+2 halberd (10)]
  5664 | D:9      | Slain by a wight

Illustrated notes

Levels and vault maps discovered:
D:1:      ebering_trefoil_twist, layout_loops_ring
D:2:      layout_basic, basic_altar, uniq_natasha, uniq_sigmund
D:3:      layout_rooms, ebering_ghost_inner_flame
D:4:      layout_basic, minmay_temple_entry_grid, uniq_pikel, uniq_menkaure
D:5:      layout_gridville, gammafunk_ghost_necromancy, corexii_shack
D:6:      layout_basic, nicolae_overflow_hallway_of_the_gods,
          gammafunk_ghost_grave, kennysheep_small_square
D:9:      layout_loops_cross, mainiacjoe_overflow_alcove_2,
          jmf_multi_god_temple, due_unseen_surprise
Temple:   hellmonk_temple_of_storms

Skill      XL: |  1  2  3  4  5  6  7  8  9 |
---------------+----------------------------+-----
Spellcasting   | 3 4 5 7 |  7.1
Ice Magic      | 8 11 14 | 14.0
Dodging        | |  1.7
Stealth        | |  1.7

Action                     |  1- 3 |  4- 6 |  7- 9 || total
---------------------------+-------+-------+-------++-------
  Melee: Unarmed           |    94 |    84 |       ||   178
         Tailslap          |    16 |     5 |    23 ||    44
         Punch             |     2 |     2 |       ||     4
         Staff             |       |       |   116 ||   116
   Cast: Freeze            |    31 |    57 |    54 ||   142
         Summon Ice Beast  |       |     7 |    29 ||    36
         Frozen Ramparts   |       |     2 |    15 ||    17
         Ozocubu's Armour  |       |       |     6 ||     6
Ability: Breathe Frost     |       |       |     5 ||     5
  Evoke: Wand              |       |       |     1 ||     1
         Phial of floods   |       |       |     1 ||     1
    Use: Scroll            |     2 |     2 |     6 ||    10
         Potion            |       |     2 |     7 ||     9
   Stab: Sleeping          |       |     2 |     1 ||     3
         Distracted        |       |       |     2 ||     2
 Armour: Skin              |    85 |    86 |   159 ||   330
  Dodge: Dodged            |    99 |   116 |   129 ||   344
